 Dungeon Crawl Stone Soup version 0.28.0-53-g5a82cb258f (webtiles) character file.

Game seed: 14811596465510390063

207 cbfl8 the Chopper (level 5, -8/47 HPs)
             Began as a Minotaur Berserker on Aug 9, 2022.
             Was a Believer of Trog.
             Mangled by Sigmund
             ... wielding a +1 scythe of distortion
              (26 damage)
             ... on level 3 of the Dungeon.
             The game lasted 00:05:33 (2185 turns).

cbfl8 the Chopper (Minotaur Berserker)              Turns: 2185, Time: 00:05:34

Health: -8/47      AC:  9    Str: 22    XL:     5   Next: 54%
Magic:  13/13      EV: 10    Int:  4    God:    Trog [**....]
Gold:   100        SH:  0    Dex: 11    Spells: 4/4 levels left

rFire   . . .      SeeInvis .   a - +0 hand axe
rCold   . . .      Faith    .   (no shield)
rNeg    . . .      Spirit   .   n - +0 scale mail
rPois   .          Reflect  .   (helmet restricted)
rElec   .          Harm     .   h - +0 cloak
rCorr   .          Rampage  .   e - +0 pair of gloves
Will    .....                   (no boots)
Stlth   ..........              b - amulet of regeneration
HPRegen 0.95/turn               r - ring of magical power
MPRegen 0.13/turn               (no ring)

@: no status effects
A: horns 2, retaliatory headbutt
a: Renounce Religion, Berserk, Trog's Hand


You were on level 3 of the Dungeon.
You worshipped Trog.
Trog was pleased with you.
You visited 1 branch of the dungeon, and saw 4 of its levels.

You collected 170 gold pieces.
You spent 70 gold pieces at shops.

Inventory:

Hand Weapons
 a - a +0 hand axe (weapon)
Missiles
 q - 5 datura-tipped darts (quivered)
Armour
 e - a +0 pair of gloves (worn)
 h - a +0 cloak (worn)
 n - a +0 scale mail (worn)
Jewellery
 b - an amulet of regeneration (around neck)
 r - a ring of magical power (left hand)
Scrolls
 c - a scroll of fear
 f - a scroll of magic mapping
 k - a scroll of summoning
 o - a scroll of teleportation
Potions
 d - a potion of lignification {unknown}
 g - a potion of berserk rage {unknown}
 j - a potion of attraction {unknown}
 m - a potion of brilliance {unknown}
 p - a potion of mutation {unknown}


   Skills:
 * Level 4.9 Fighting
 + Level 5.8 Axes
 + Level 3.0 Armour
 * Level 3.1 Dodging
 + Level 0.5 Stealth
 * Level 0.3 Evocations


You had 4 spell levels left.
You didn't know any spells.
Your spell library was empty.

Dungeon Overview and Level Annotations

Branches:
Dungeon (4/15)
 Temple: D:4-7

Altars:

Shops:
D:1 !

Annotations:
D:3 Sigmund


Innate Abilities, Weirdness & Mutations

You have a pair of horns on your head.
You reflexively headbutt those who attack you in melee.


Message History

Found 40 gold pieces.
There is a stone staircase leading up here.
You start resting.
You feel yourself speed up.
You start resting.
You recover from your berserk rage.
You start resting.
HP restored.
You climb upwards.
Level annotation: Sigmund The rat bites you.
There is a stone staircase leading down here.
You closely miss the rat. You headbutt the rat.
You kill the rat!
Trog accepts your kill. Sigmund casts a spell at you. The magic dart hits you.
Sigmund points at you and mumbles some strange words.
The puff of flame hits you but does no damage.
Sigmund hits you with a +1 scythe of distortion.
Space warps horribly around you!
You hit Sigmund. Your headbutt misses Sigmund.
Sigmund is moderately wounded.
Sigmund barely misses you.
You barely miss Sigmund. Your headbutt misses Sigmund.
Sigmund is moderately wounded.
You barely miss Sigmund. You headbutt Sigmund.
Sigmund is moderately wounded.
Sigmund closely misses you.
You closely miss Sigmund. You headbutt Sigmund!
Sigmund is heavily wounded.
Sigmund hits you with a +1 scythe of distortion.
Space warps horribly around you!
You closely miss Sigmund. Your headbutt misses Sigmund.
Sigmund is heavily wounded.
You hit Sigmund.
Sigmund is severely wounded.
Sigmund hits you but does no damage. Space warps horribly around you!!
Ouch! That really hurt!
You die...

##. .... ##### ##...
...#
......####.###########
...r..@ยง.......).....#
####..###..#########.#
#. #..# #.# #
#@.#########.#
#@.........#.#
###.......###..##
#.....###.# #...#
#.#.....###.###...#
#...:>.........#..#
#.#.....###....#.>#
...................#
....###.............#
..#. ######........#


You could see Sigmund.

Vanquished Creatures
  A hound (D:3)
  Jessica (D:3)
  Ijyb (D:3)
  Terence (D:2)
  Robin (D:2)
  3 adders
  An orc (D:3)
  6 bats
  5 endoplasms
  4 giant cockroaches
  11 goblins
  6 hobgoblins
  3 jackals (D:1)
  4 quokkas
  5 ball pythons
  A frilled lizard (D:2)
  4 rats
58 creatures vanquished.

Notes
Turn   | Place    | Note
-------+----------+-------------------------------------------
     0 | D:1      | cbfl8 the Minotaur Berserker began the quest for the Orb.
     0 | D:1      | Reached XP level 1. HP: 19/19 MP: 0/0
   219 | D:1      | Reached XP level 2. HP: 24/27 MP: 1/1
   246 | D:1      | Reached skill level 4 in Axes
   455 | D:1      | Found Hiaro's Distillery.
   863 | D:1      | Bought a potion of heal wounds for 70 gold pieces
  1033 | D:2      | Noticed Terence
  1042 | D:2      | Noticed Robin
  1048 | D:2      | Reached XP level 3. HP: 21/33 MP: 2/2
  1051 | D:2      | Killed Terence
  1062 | D:2      | Killed Robin
  1063 | D:2      | Reached XP level 4. HP: 35/41 MP: 3/3
  1158 | D:2      | Reached ** piety under Trog
  1424 | D:2      | Reached skill level 5 in Axes
  1457 | D:2      | Found a faded altar of an unknown god.
  1765 | D:3      | Reached XP level 5. HP: 39/47 MP: 4/4
  1784 | D:3      | Noticed Jessica
  1796 | D:3      | Killed Jessica
  2124 | D:3      | Noticed Ijyb
  2126 | D:3      | Noticed Sigmund
  2134 | D:3      | Killed Ijyb
  2185 | D:3      | Mangled by Sigmund

Illustrated notes

Levels and vault maps discovered:
D:1:      minmay_arrival_glassed_features, layout_basic, serial_shops, shop
D:2:      layout_basic, serial_rivers, chequers_serial_rivers_room_b,
          chequers_serial_rivers_small_3, chequers_serial_rivers_micro_e,
          chequers_serial_rivers_micro_e, chequers_serial_rivers_micro_b,
          basic_ecumenical_altar, uniq_terence, uniq_robin
D:3:      layout_loops_ring, uniq_sigmund, uniq_ijyb, uniq_jessica
D:4:      layout_basic, minmay_temple_entry_trees, serial_shops,
          kennysheep_little_box

Skill      XL: |  1  2  3  4  5 |
---------------+----------------+-----
Fighting       | 4 |  4.9
Axes           | 4 5 |  5.8
Dodging        | 3 |  3.1
Armour         | 3 |  3.0
Stealth        | |  0.5
Evocations     | |  0.3

Action                   |  1- 3 |  4- 6 || total
-------------------------+-------+-------++-------
Melee: Hand axe          |    43 |    76 ||   119
       Headbutt          |     6 |    16 ||    22
       Punch             |       |     2 ||     2
Invok: Berserk           |     1 |     1 ||     2
  Use: Potion            |     1 |       ||     1
       Scroll            |       |     5 ||     5
Armor: Animal skin       |     9 |       ||     9
       Leather armour    |     3 |       ||     3
       Scale mail        |       |    31 ||    31
Dodge: Dodged            |    36 |    52 ||    88
